 Dungeon Crawl Stone Soup version 0.31-a0-507-gbafd7f5274 (webtiles) character file.

Game seed: 212912285969542238

2059 tilp the Covert (level 9, -4/68 HPs)
             Began as a Vampire Enchanter on Aug 10, 2023.
             Was a Follower of Wu Jian.
             Killed from afar by an electric eel (15 damage)
             ... with a bolt of electricity
             ... in a bailey.
             The game lasted 00:13:13 (7819 turns).

tilp the Covert (Vampire Enchanter)                 Turns: 7819, Time: 00:13:13

Health: -4/68      AC:  4    Str: 13    XL:     9   Next: 5%
Magic:  13/15      EV: 13    Int: 21    God:    Wu Jian [*.....]
Gold:   157        SH:  0    Dex: 15    Spells: 5/16 levels left

rFire   . . .        a - +0 dagger (flame)
rCold   . . .        (no shield)
rNeg    . . .        i - +1 robe {Will+}
rPois   .            h - +0 helmet
rElec   .            (no cloak)
rCorr   .            (no gloves)
SInv    +            (no boots)
Will    +....        y - amulet of magic regeneration
Stlth   ++++         f - +6 ring of strength
HPRegen 0.51/turn    (no ring)
MPRegen 0.54/turn

%: no passive effects
@: confusing by touch, healing quickly
A: alive, fangs 3, see invisible, vampiric 2
a: Exsanguinate, Renounce Religion


You were in a bailey.
You worshipped Wu Jian.
Wu Jian was aware of your devotion.
You visited 2 branches of the dungeon, and saw 8 of its levels.
You also visited: Sewer and Bailey.

You collected 547 gold pieces.
You spent 390 gold pieces at shops.

Inventory:

Hand Weapons
 a - a +0 dagger of flaming (weapon)
 b - a +1 dagger of venom
 q - a +1 dagger
Missiles
 k - 4 silver javelins
 p - 11 poisoned darts (quivered)
 r - 2 darts of dispersal
 s - 5 boomerangs
Armour
 d - a +0 pair of gloves
 h - a +0 helmet (worn)
 i - a +1 robe of willpower (worn)
Magical Staves
 A - a staff of death
Jewellery
 f - a +6 ring of strength (left hand)
 y - an amulet of magic regeneration (around neck)
 C - a +6 ring of strength
Wands
 z - a wand of mindburst (21)
Scrolls
 n - 2 scrolls of teleportation
 u - 2 scrolls of immolation {unknown}
 w - a scroll of revelation {unknown}
 x - a scroll of torment {unknown}
Potions
 c - 2 potions of invisibility
 e - a potion of berserk rage
 g - 2 potions of ambrosia
 j - 2 potions of curing {unknown}
 l - 4 potions of enlightenment {unknown}
 m - a potion of cancellation {unknown}
 o - 2 potions of haste {unknown}
 t - a potion of might {unknown}
 v - 2 potions of degeneration {unknown}
 B - a potion of heal wounds {unknown}


   Skills:
 * Level 5.2 Fighting
 * Level 6.6 Short Blades
 - Level 4.0 Dodging
 + Level 8.1 Stealth
 + Level 4.3 Spellcasting
 + Level 7.5 Hexes
 + Level 1.5 Evocations


You had 5 spell levels left.
You knew the following spells:

 Your Spells              Type           Power      Damage    Failure   Level
a - Ensorcelled Hibernat  Hex/Ice        40%        N/A       3%          2
b - Confusing Touch       Hex            36%        N/A       1%          3
c - Tukima's Dance        Hex            36%        N/A       1%          3
d - Dazzling Flash        Conj/Hex       40%        N/A       8%          3

Your spell library contained the following spells:

 Spells                   Type           Power      Damage    Failure   Level
 Magic Dart               Conj           16%        1d3       12%         1
 Call Imp                 Summ           8%         N/A       19%         2
 Mephitic Cloud           Conj/Pois/Air  4%         N/A       34%         3
 Vhi's Electric Charge    Tloc/Air       8%         N/A       34%         3
 Arcjolt                  Conj/Air       2%         1d12      97%         5
 Plasma Beam              Fire/Air       2%         2x1d12    100%        6


Dungeon Overview and Level Annotations

Branches:
Dungeon (7/15)             Temple (1/1) D:4           Sewer (visited)
 Bailey (1/1)

Altars:
Ashenzari
Cheibriados
Dithmenos
Fedhas
Gozag
Hepliaklqana
Kikubaaqudgha
Makhleb
Nemelex Xobeh
Okawaru
Qazlal
Ru
Sif Muna
Trog
Uskayaw
Vehumet
Wu Jian
Xom
Yredelemnul

Shops:
D:5 =*=:


Innate Abilities, Weirdness & Mutations

Your natural rate of healing is accelerated.
You have razor-sharp teeth.
You have supernaturally acute eyesight. (SInv)
You are afflicted with vampirism and can become a bat while bloodless.


Message History

There is an open door here.
Things that are here:
a +0 war axe; a +0 ring mail
There is an open door here.
You enter the shallow water.
Moving in this stuff is going to be slow.
You throw a poisoned dart.
The poisoned dart hits the electric eel.
You hear a splash.
The electric eel shoots out a bolt of lightning at you!
The bolt of electricity hits you!
The electric eel shoots out a bolt of lightning at you!
The bolt of electricity hits you! x2
There is an open door here.
Casting: Ensorcelled Hibernation (safe; 3% risk of failure)
Confirm with . or Enter, or press ? or * to list all spells.
Aiming: Ensorcelled Hibernation (safe; 3% risk of failure)
Press: ? - help, Shift-Dir - straight line, f/p - electric eel
Aim: an electric eel (water, chance to affect: 62%)
The electric eel looks drowsy...
Unknown command.
You enter the shallow water.
Moving in this stuff is going to be slow.
You lunge at the electric eel, in a flurry of attacks.
Your unstable footing causes you to fumble your attack. x2
Unknown command.
Casting: Ensorcelled Hibernation (safe; 3% risk of failure)
Confirm with . or Enter, or press ? or * to list all spells.
Your hands begin to glow red.
The electric eel shoots out a bolt of lightning at you!
The bolt of electricity hits you! x2
* * * LOW HITPOINT WARNING * * *
The bolt of electricity hits the electric eel.
The electric eel completely resists.
You miss the electric eel.
The electric eel shoots out a bolt of lightning at you!
The bolt of electricity hits you!
* * * LOW HITPOINT WARNING * * *
The bolt of electricity hits you!
You die...

≈≈≈≈≈≈≈≈≈≈≈≈≈≈≈
≈≈≈≈≈≈≈≈≈≈≈≈≈≈≈
≈≈≈≈≈≈≈≈≈≈≈≈≈≈≈
≈≈≈≈≈≈≈≈≈≈≈≈≈≈≈
≈≈≈≈≈≈≈≈≈≈≈≈≈≈≈
≈≈≈≈≈≈≈≈≈≈≈≈≈≈≈
≈≈≈≈≈≈≈S≈≈≈≈≈≈≈
######~~~~~~~~
#.#..@........
#'#..###############
#)...'.....#.)))...#
#.)..#....)).8)8)8.#
#.##############...###
≈~.# #...... ≈≈≈~.#
#...... ≈≈≈≈≈~.#
#####'' ≈≈≈≈≈~.##
#....)


You could see an electric eel.

Vanquished Creatures
  A kobold demonologist (Bailey)
  A water moccasin (Sewer)
  2 orc warriors (Bailey)
  2 black bears
  An ice beast (D:6)
  An ogre (D:5)
  A centaur (D:6)
  2 scorpions
  An electric eel (Bailey)
  2 hounds (D:5)
  2 jellies
  2 orc priests (D:5)
  A sleepcap (D:6)
  3 iguanas
  8 orc wizards
  Robin (D:4)
  8 gnolls
  10 adders
  5 river rats
  3 white imps
  3 worms
  5 dart slugs
  26 orcs
  6 endoplasms
  A giant cockroach (D:3)
  17 goblins
  20 hobgoblins
  13 jackals
  A quokka (D:1)
  8 ball pythons
  8 bats
  8 frilled lizards
  12 kobolds
  5 rats
190 creatures vanquished.

Vanquished Creatures (collateral kills)
  An orc (Bailey)
1 creature vanquished.

Grand Total: 191 creatures vanquished

Notes
Turn   | Place    | Note
-------+----------+-------------------------------------------
     0 | D:1      | tilp the Vampire Enchanter began the quest for the Orb.
     0 | D:1      | Reached XP level 1. HP: 13/13 MP: 3/3
   282 | D:1      | Reached XP level 2. HP: 20/20 MP: 3/5
   290 | D:1      | Learned a level 2 spell: Ensorcelled Hibernation
   387 | D:1      | Reached skill level 1 in Fighting
   501 | D:1      | Gained mutation: You are afflicted with vampirism and can
                  | become a bat while bloodless. [Vampire growth]
   501 | D:1      | Reached XP level 3. HP: 19/26 MP: 3/6
  1223 | D:2      | Reached XP level 4. HP: 32/32 MP: 7/7
  1468 | D:2      | Reached skill level 5 in Stealth
  1761 | D:2      | Learned a level 3 spell: Confusing Touch
  1984 | D:3      | Reached skill level 5 in Hexes
  1986 | D:3      | Reached XP level 5. HP: 38/38 MP: 8/8
  3005 | D:4      | Reached XP level 6. HP: 46/46 MP: 10/10
  3153 | D:4      | Found a glowing drain.
  3166 | Sewer    | Entered a sewer
  3223 | Sewer    | Noticed a water moccasin
  3229 | Sewer    | Killed a water moccasin
  3382 | D:4      | HP: 1/46 [iguana (8)]
  3563 | D:4      | Found a staircase to the Ecumenical Temple.
  3577 | D:4      | Reached skill level 6 in Stealth
  3577 | D:4      | Reached XP level 7. HP: 44/52 MP: 0/11
  3582 | Temple   | Entered the Ecumenical Temple
  3870 | D:4      | Noticed a shadow
  3925 | D:4      | Noticed Robin
  4076 | D:4      | Killed Robin
  4370 | D:4      | Found a shadowy altar of Dithmenos.
  4371 | D:4      | Found a hazy altar of Hepliaklqana.
  4382 | D:4      | Found an iron altar of Okawaru.
  4384 | D:4      | Found a burning altar of Makhleb.
  4385 | D:4      | Found a radiant altar of Vehumet.
  4387 | D:4      | Found a broken altar of Ashenzari.
  4543 | D:5      | Entered Level 5 of the Dungeon
  4810 | D:4      | Learned a level 3 spell: Tukima's Dance
  4814 | D:4      | Learned a level 3 spell: Dazzling Flash
  5022 | D:5      | Found Tuoli's Book Shoppe.
  5323 | D:5      | Found Lozevuet's Jewellery Shoppe.
  5453 | D:5      | Found an ornate altar of the Wu Jian Council.
  5453 | D:5      | Found a bloodstained altar of Trog.
  5459 | D:5      | Found an opulent altar of Gozag.
  5461 | D:5      | Became a worshipper of the Wu Jian Council
  5465 | D:5      | Found a faded altar of an unknown god.
  5467 | D:5      | Found a shimmering blue altar of Sif Muna.
  5505 | D:5      | Reached skill level 5 in Short Blades
  5565 | D:5      | Reached XP level 8. HP: 60/60 MP: 10/13
  5597 | D:4      | Reached skill level 7 in Stealth
  6049 | D:5      | Found Zoxzeugruu's Jewellery Shoppe.
  6215 | D:5      | Found Ytecilat's Assorted Antiques.
  6360 | D:5      | Bought an amulet of magic regeneration for 390 gold pieces
  7254 | D:6      | Found a shimmering altar of Xom.
  7577 | D:7      | Found a flagged portal.
  7603 | Bailey   | Entered a bailey
  7616 | Bailey   | Reached * piety under Wu Jian
  7695 | Bailey   | Reached skill level 1 in Evocations
  7735 | Bailey   | Reached skill level 5 in Fighting
  7780 | Bailey   | Noticed a kobold demonologist
  7790 | Bailey   | Killed a kobold demonologist
  7791 | Bailey   | Reached skill level 8 in Stealth
  7791 | Bailey   | Reached XP level 9. HP: 66/68 MP: 10/15
  7819 | Bailey   | Killed from afar by an electric eel

Illustrated notes

Levels and vault maps discovered:
D:1:      psy_arrival_conway, layout_loops_ring, minmay_splitting_lines,
          serial_bayou_pond_b
D:2:      layout_basic
D:3:      corexii_shack_village, layout_basic
D:4:      layout_basic, minitemple, riverfiend_overflow_shadow_ancestor,
          minmay_temple_entry_crystal_x, portal_sewer_entry_a, uniq_robin
D:5:      wad_woods_stonehenge, layout_basic,
          chequers_temple_overflow_minitemple, serial_shops, shop,
          nicolae_shop_pleasant_corner_grove, shop,
          nicolae_shop_pleasant_corner_grove
D:6:      layout_basic, marbit_many_paths, dreamdust_wishing_well
D:7:      layout_basic, gammafunk_ghost_wrathful_warriors, enter_bailey_4,
          gup_ossuary_entry_pyramid, st_stairs_6
Temple:   dpeg_chambers_temple
Bailey:   bailey_axe_of_yendor_kennysheep, bailey

Skill      XL: |  1  2  3  4  5  6  7  8 |
---------------+-------------------------+-----
Fighting       | 1 2 3 4 5 |  5.2
Short Blades   | 2 3 4 5 6 |  6.6
Stealth        | 5 6 8 |  8.1
Hexes          | 5 6 7 |  7.5
Dodging        | 3 4 |  4.0
Spellcasting   | 3 4 |  4.3
Evocations     | 1 |  1.5

Action                     |  1- 3 |  4- 6 |  7- 9 || total
---------------------------+-------+-------+-------++-------
  Melee: Dagger            |   104 |   169 |   257 ||   530
         Bite              |    11 |    16 |    31 ||    58
         Punch             |       |       |     3 ||     3
  Throw: Dart              |       |       |     4 ||     4
   Cast: Ensorcelled Hiber |    17 |    67 |    74 ||   158
         Confusing Touch   |       |       |     7 ||     7
         Dazzling Flash    |       |       |     2 ||     2
         Tukima's Dance    |       |       |     1 ||     1
Ability: Lunge             |       |       |    16 ||    16
         Whirlwind         |       |       |     3 ||     3
    Use: Scroll            |     2 |     3 |     2 ||     7
         Potion            |       |     1 |     1 ||     2
   Stab: Sleeping          |    15 |    48 |    43 ||   106
         Confused          |       |       |     3 ||     3
         Invisible         |       |       |     2 ||     2
 Armour: Robe              |    14 |    40 |    33 ||    87
  Dodge: Dodged            |    67 |   120 |   150 ||   337

Table legend: (Time is in decaauts)
 A = Elapsed time spent in this place.
 B = Non-inter-level travel time spent in this place.
 C = Inter-level travel time spent in this place.
 D = Time resting spent in this place.
 E = Time spent auto-exploring this place.
 F = Levels seen in this place.
 G = Mean time per level.
                   A        B        C        D        E       F      G
               +--------+--------+--------+--------+--------+-----+--------+
         Total |   7749 |   7413 |    336 |    817 |   4945 |  10 |  774.9 |
       Dungeon |   7299 |   6963 |    336 |    747 |   4744 |   7 | 1042.7 |
        Temple |     81 |     81 |      0 |      0 |     80 |   1 |   81.0 |
         Sewer |    166 |    166 |      0 |      8 |    102 |   1 |  166.0 |
        Bailey |    202 |    202 |      0 |     62 |     19 |   1 |  202.0 |
               +--------+--------+--------+--------+--------+-----+--------+

Top non-repeatable levels by time:
     D:4: 1582 daAuts
     D:5: 1412 daAuts
     D:3: 1340 daAuts
     D:6: 1100 daAuts
     D:2: 971 daAuts
     D:1: 805 daAuts
  Bailey: 202 daAuts
   Sewer: 166 daAuts
     D:7: 87 daAuts
  Temple: 81 daAuts
